 Dungeon Crawl Stone Soup version 0.32-a0-422-g28b100f618 (webtiles) character file.

Game seed: 5904481024599977963

125 zeratav the Sneak (level 5, -5/36 HPs)
             Began as an Octopode Shapeshifter on Feb 21, 2024.
             Slain by a sleepcap (19 damage)
             ... on level 3 of the Dungeon.
             The game lasted 00:02:34 (1862 turns).

zeratav the Sneak (Octopode Shapeshifter)           Turns: 1862, Time: 00:02:35

Health: -5/36      AC:  1    Str: 15    XL:     5   Next: 9%
Magic:  5/5        EV:  2    Int: 13    God:
Gold:   135        SH:  0    Dex: 11    Spells: 4/4 levels left

rFire   . .          .
                       - Unarmed
rCold   . . .        (no shield)
rNeg    . . .        (helmet currently unavailable)
rPois   .            (no amulet)
rElec   .            (no ring)
rCorr   .            (no ring)
SInv    .            (no ring)
Will    .....        (no ring)
Stlth   +++++        (no ring)
HPRegen 0.26/turn    (no ring)
MPRegen 0.09/turn    (no ring)
                     (no ring)

%: no passive effects
@: beast-form, sleeping
A: beast (slay +1), almost no armour, amphibious, 8 rings, camouflage 1,
gelatinous body 1, nimble swimmer 1, tentacles
a: Begin Untransformation


You were on level 3 of the Dungeon.
You were a hulking beast.
You visited 1 branch of the dungeon, and saw 3 of its levels.

You collected 135 gold pieces.


Innate Abilities, Weirdness & Mutations

You are a hulking beast.
Your limbs bulge with bestial killing power. (Slay +1)
You cannot wear most types of armour.
You are amphibious.
You can wear up to eight rings at the same time.
Your skin changes colour to match your surroundings (Stealth+).
Your rubbery body absorbs attacks. (AC +1, EV +1)
You are camouflaged when in or above water. (Stealth+)
You have tentacles for arms and can constrict up to eight enemies at once.


   Skills:
 + Level 3.0 Fighting
 - Level 2.0 Dodging
 - Level 5.0 Stealth
 - Level 3.0 Unarmed Combat
 - Level 3.0 Shapeshifting


You had 4 spell levels left.
You didn't know any spells.
Your spell library was empty.

Inventory:

Talismans
 b - a beast talisman (active)
 c - a flux talisman
Scrolls
 d - 2 scrolls of teleportation {unknown}
 e - 3 scrolls of identify {unknown}
 g - 2 scrolls of blinking {unknown}
 i - a scroll of enchant armour {unknown}
 m - a scroll of immolation {unknown}
Potions
 a - a potion of lignification {!q}
 f - 3 potions of berserk rage {unknown}
 h - a potion of ambrosia {unknown}
 j - a potion of haste {unknown}
 k - a potion of enlightenment {unknown}
 l - a potion of brilliance {unknown}

Dungeon Overview and Level Annotations

Branches:
Dungeon (3/15) Zot: 16141

Altars:
Nemelex Xobeh

Shops:
D:1 :

Annotations:
D:2 exclusion: downstairs
D:3 Grinder

.#########......##>.#####
#.........#...#..........
#.≈≈≈≈≈≈≈.#............##
#≈O.≈≈≈..≈#......#######.
#≈.≈...≈.≈#...#### #..
#≈.≈._.≈.≈### ######.#
#≈.≈...≈.≈# #.......
#≈.=≈≈≈..≈########.......
#.≈≈≈≈≈≈h.#..............
#!.....f..##.#####.......
#..#########...# ########
## #####


You could see an ogre and a sleepcap.


Message History

No target in view!
No target in view!
No target in view!
No target in view!
No target in view!
No target in view!
No target in view!
No target in view!
No target in view!
No target in view!
No target in view!
Things that are here:
a +0 short sword {short}; a kobold corpse A bat comes into view.
A bat is nearby!
The bat hits you but does no damage. The bat barely misses you.
The bat misses you.
You see here a coppery potion.
You bludgeon the bat!
You kill the bat!
No target in view!
f - 2 coppery potions (gained 1)
You see here a bat corpse.
An orc comes into view. It is wielding a +0 flail.
An orc is nearby!
The helpless orc fails to defend itself.
You bludgeon the orc!
You kill the orc!
No target in view!
No target in view!
You see here a bat corpse.
An adder comes into view.
The adder hisses angrily.
The adder barely misses you. The adder bites you.
You are poisoned.
The adder poisons you!
HP[-4]
You take 4 damage, and now have 26/30 hp.
You tentacle-slap the adder. Your grab misses the adder. You squeeze the adder!
You kill the adder!
You feel sick.
Your Fighting skill increases to level 3!
You have reached level 5!
You feel clever.
HP[+3] MP[+1]
You now have 36 max hp (+6).
You regained 3 hp, and now have 29/36 hp.
Your mp is fully restored (5).
You feel sick.
You feel sick.
You feel sick.
You feel sick.
You feel sick.
You are no longer poisoned.
Found an escape hatch in the floor.
HP[+7]
Your hp is fully restored (36).
m - a scroll labelled PEYSTR FIMAU
f - 3 coppery potions (gained 1)
Found a sparkling altar of Nemelex Xobeh.
A quokka comes into view.
You enter the deep water.
The helpless quokka fails to defend itself.
You tentacle-slap the quokka but do no damage.
You grab the quokka. You squeeze the quokka.
You kill the quokka!
No target in view!
A sleepcap comes into view.
An ogre comes into view. It is wielding a +0 giant spiked club.
You enter the deep water.
The sleepcap closely misses you.
You tentacle-slap the sleepcap but do no damage.
You grab the sleepcap. You constrict the sleepcap. The sleepcap misses you.
You tentacle-slap the sleepcap.
You constrict the sleepcap, but do no damage.
The sleepcap releases spores at you.
You are engulfed in a cloud of soporific spores!
You fall asleep.
You lose your grip on the sleepcap.
The sleepcap releases spores at you!!
You wake up.
Ouch! That really hurt!
* * * LOW HITPOINT WARNING * * *
You are engulfed in a cloud of soporific spores!
You are unaffected.
HP[-23]
You take 23 damage, and now have 13/36 hp.
MASSIVE DAMAGE!! (PAUSE)
You are too injured to fight recklessly!
You are too injured to fight recklessly!
Unknown command.
HP[+1] HP[+1]
The ogre shouts!
You enter the deep water.
The sleepcap releases spores at you.
* * * LOW HITPOINT WARNING * * *
You are engulfed in a cloud of soporific spores!
You fall asleep.
The sleepcap releases spores at you!!
Ouch! That really hurt!
You die...

Skill      XL: |  1  2  3  4 |
---------------+-------------+-----
Stealth        | 1 3 4 5 |  5.0
Fighting       | 3 |  3.0
Dodging        | |  2.0
Unarmed Combat | |  3.0
Shapeshifting  | |  3.0

Action                     |  1- 3 |  4- 6 || total
---------------------------+-------+-------++-------
  Melee: Unarmed           |    46 |    33 ||    79
         Constrict         |    13 |    12 ||    25
         Tentacles         |     5 |    10 ||    15
         Punch             |     2 |     1 ||     3
   Stab: Sleeping          |     5 |    10 ||    15
 Armour: Skin              |    17 |    11 ||    28
  Dodge: Dodged            |    32 |    19 ||    51

Levels and vault maps discovered:
D:1:      dpeg_arrival_houses_and_road, layout_basic, nicolae_shop_vocational
D:2:      layout_loops_corners, glass_columns_a, minmay_quantized
D:3:      layout_rooms, mainiacjoe_overflow_paths, jmf_multi_god_temple2,
          serial_shops, nicolae_shop_overgrown_old_shop,
          shapermc_ecumenical_altar_mp_urbaneastern,
          nicolae_elevator_lobby_plus, uniq_grinder

Notes
Turn   | Place    | Note
-------+----------+-------------------------------------------
     0 | D:1      | zeratav the Octopode Shapeshifter began the quest for the
                  | Orb.
     0 | D:1      | Reached XP level 1. HP: 13/13 MP: 1/1
     0 | D:1      | magus.rc [v1.9.6]
    42 | D:1      | Found Foreigop's Vocational Training.
    91 | D:1      | Reached skill level 1 in Stealth
    92 | D:1      | Reached XP level 2. HP: 18/18 MP: 2/2
    95 | D:1      | Reached skill level 2 in Stealth
   303 | D:1      | Reached skill level 3 in Stealth
   324 | D:1      | Reached XP level 3. HP: 20/23 MP: 3/3
   413 | D:1      | Reached skill level 4 in Stealth
   742 | D:2      | Reached XP level 4. HP: 28/28 MP: 4/4
   820 | D:2      | Reached skill level 5 in Stealth
  1181 | D:2      | Reached skill level 2 in Fighting
  1484 | D:3      | Noticed Grinder
  1764 | D:3      | Reached skill level 3 in Fighting
  1764 | D:3      | Reached XP level 5. HP: 29/36 MP: 5/5
  1839 | D:3      | Found a sparkling altar of Nemelex Xobeh.
  1848 | D:3      | Noticed an ogre
  1862 | D:3      | Slain by a sleepcap

Vanquished Creatures
  5 adders
  A ribbon worm (D:2)
  An orc (D:3)
  2 ball pythons
  3 endoplasms
  2 giant cockroaches
  2 goblins (D:2)
  A hobgoblin (D:1)
  6 jackals (D:1)
  5 quokkas
  6 bats
  A frilled lizard (D:1)
  4 kobolds
  6 rats
45 creatures vanquished.

Table legend:
 A = Non-vault XP
 B = Vault XP
 C = Vault XP percentage of total XP
 D = Non-vault monster count
 E = Vault monster count
 F = Vault count percentage of total count
                 A         B        C        D         E       F
            +---------+---------+-------+---------+---------+-------
      Total |     167 |      12 |   6.7 |      41 |       4 |   8.9
            +---------+---------+-------+---------+---------+-------
        D:1 |      48 |       0 |   0.0 |      18 |       0 |   0.0
        D:2 |      57 |      12 |  17.4 |      13 |       4 |  23.5
        D:3 |      62 |       0 |   0.0 |      10 |       0 |   0.0
            +---------+---------+-------+---------+---------+-------

Skill      XL: |  1  2  3  4 |
---------------+-------------+-----
Stealth        | 1 3 4 5 |  5.0
Fighting       | 3 |  3.0
Dodging        | |  2.0
Unarmed Combat | |  3.0
Shapeshifting  | |  3.0

Action                     |  1- 3 |  4- 6 || total
---------------------------+-------+-------++-------
  Melee: Unarmed           |    46 |    33 ||    79
         Constrict         |    13 |    12 ||    25
         Tentacles         |     5 |    10 ||    15
         Punch             |     2 |     1 ||     3
   Stab: Sleeping          |     5 |    10 ||    15
 Armour: Skin              |    17 |    11 ||    28
  Dodge: Dodged            |    32 |    19 ||    51

Illustrated notes

Table legend:
 A = Kills in this place as a percentage of kills in the entire game.
 B = Kills by you in this place as a percentage of kills by you in the entire game.
 C = Kills by friends in this place as a percentage of kills by friends in the entire game.
 D = Other kills in this place as a percentage of other kills in the entire game.
 E = Experience gained in this place as a percentage of experience gained in the entire game.
 F = Experience gained in this place divided by the number of levels of this place that you have seen.
                   A       B       C       D       E      F
               +-------+-------+-------+-------+-------+----------------------
         Total | 100.0 | 100.0 |   N/A |   N/A | 100.0 |  59.7
       Dungeon | 100.0 | 100.0 |   N/A |   N/A | 100.0 |  59.7
               +-------+-------+-------+-------+-------+----------------------

Table legend: (Time is in decaauts)
 A = Elapsed time spent in this place.
 B = Non-inter-level travel time spent in this place.
 C = Inter-level travel time spent in this place.
 D = Time resting spent in this place.
 E = Time spent auto-exploring this place.
 F = Levels seen in this place.
 G = Mean time per level.
                   A        B        C        D        E       F      G
               +--------+--------+--------+--------+--------+-----+--------+
         Total |   1857 |   1730 |    127 |      0 |   1466 |   3 |  619.0 |
       Dungeon |   1857 |   1730 |    127 |      0 |   1466 |   3 |  619.0 |
               +--------+--------+--------+--------+--------+-----+--------+

Top non-repeatable levels by time:
     D:2: 1027 daAuts
     D:1: 501 daAuts
     D:3: 328 daAuts
